[Event "*** Titled Tuesday 3|2 Blitz (Early)"]
[Site "Chess.com"]
[Date "2016.12.06"]
[Round "1"]
[White "Rumpel-VK"]
[Black "Morshynska"]
[Result "1-0"]
[WhiteElo "2460"]
[BlackElo "2142"]
[TimeControl "180+2"]
[EndTime "11:07:39 PST"]
[Termination "Rumpel-VK won by resignation"]

1. d4 Nf6 2. c4 e6 3. Nf3 b6 4. g3 Bb7 5. Bg2 Be7 6. O-O O-O 7. Nc3 Ne4 8. Qc2 Nxc3 9. Qxc3 f5 10. Bf4 Bf6 11.
Rad1 d6 12. Ne5 Bxg2 13. Kxg2 Qc8 14. Qf3 c6 15. Nd3 Rd8 16. Qe3 Na6 17. h4 Nc7 18. Bg5 Ne8 19. Nf4 Kf7 20. d5 e5 21. Ne6 Rd7 22. Qf3 cxd5 23. cxd5 g6 24. Rc1 Qb7 25. Rc6 Kg8 26. Rfc1 e4 27. Qb3 Be5 28. f4 exf3+ 29. exf3 Qa6 30. R1c2 Ng7 31.
f4 Nxe6 32. dxe6 1-0

[Event "*** Titled Tuesday 3|2 Blitz (Early)"]
[Site "Chess.com"]
[Date "2016.12.06"]
[Round "1"]
[White "Rating-Schmating"]
[Black "Astaneh"]
[Result "1-0"]
[WhiteElo "2226"]
[BlackElo "2468"]
[TimeControl "180+2"]
[EndTime "11:07:40 PST"]
[Termination "Rating-Schmating won by resignation"]

1. e4 c6 2. Nf3 d5 3. Nc3 Bg4 4. h3 Bxf3 5. Qxf3 e6 6. g3 Nf6 7.
Bg2 Bb4 8. exd5 cxd5 9. Ne2 Nc6 10. c3 Ba5 11. d4 O-O 12. O-O b5 13. Qd3 a6 14. Bg5 h6 15. Bf4 Bc7 16. Rfd1 Bxf4 17.
Nxf4 Qd6 18. Re1 b4 19. Rac1 bxc3 20. bxc3 Na5 21. Qe2 Rab8 22. Nd3 Nd7 23. Nb4 Nc4 24. Bf1 a5 25. Nd3 Qa3 26. Qc2 Rfc8 27. Rb1 Ncb6 28.
Rb3 Qd6 29. Reb1 g6 30. f4 Kg7 31. Ne5 Nf6 32. Bd3 a4 33. Rb4 Qc7 34. Bxg6 Qxc3 35.
Qxc3 Rxc3 36. Bxf7 Rxg3+ 37. Kh2 Ra3 38. Rxb6 Rxa2+ 39.
Kg3 Ne4+ 40. Kh4 Rf8 41. Rxe6 Rxf7 42. Nxf7 Kxf7 43. Rxh6 Rf2 44. Rb7+ Kg8 45. Ra6 Rxf4+ 46. Kh5 Rf8 47. Rxa4 Ng3+ 48. Kg4 Nf5 49. Raa7 Rf6 50. Rb8+ 1-0

[Event "*** Titled Tuesday 3|2 Blitz (Early)"]
[Site "Chess.com"]
[Date "2016.12.06"]
[Round "1"]
[White "Harbuzi01"]
[Black "tango_argentino"]
[Result "1-0"]
[WhiteElo "2695"]
[BlackElo "2343"]
[TimeControl "180+2"]
[EndTime "11:07:42 PST"]
[Termination "Harbuzi01 won by resignation"]

1. e4 e6 2. b3 d5 3. Bb2 Nf6 4. e5 Nfd7 5. d4 c5 6. c3 Nc6 7. Nf3 f6 8. exf6 Nxf6 9. Bb5 Bd7 10. O-O a6 11. Bxc6 Bxc6 12. Ne5 Bd6 13. Nd2 Bxe5 14. dxe5 Nd7 15. Nf3 O-O 16. Qe2 Qe8 17. a4 Qg6 18. Ne1 Rf5 19. f4 Raf8 20. Nd3 c4 21.
bxc4 dxc4 22. Nb4 Rxf4 23. Rxf4 Rxf4 24. Nxc6 bxc6 25. Rd1 Nc5 26. Qe3 Nd3 27. Rxd3 Qxd3 28. Qxf4 Qd1+ 29. Qf1 Qxa4 30. h3 Qb5 31. Ba3 h6 32. Qf4 Qb3 33. Qf8+ Kh7 34. Bb4 Qd1+ 35. Kh2 Qd2 36. Qf7 Qd5 37. Bd6 a5 38. h4 a4 39. Qf2 Qd3 40. Qg3 Qe4 41. Bf8 g6 42. Bd6 h5 43. Qf2 Kg8 44. Qf8+ Kh7 45. Qf7+ Kh8 46. Qf6+ Kh7 47. Bf8 1-0

[Event "*** Titled Tuesday 3|2 Blitz (Early)"]
[Site "Chess.com"]
[Date "2016.12.06"]
[Round "1"]
[White "Andrejkin"]
[Black "biostatistician"]
[Result "1/2-1/2"]
[WhiteElo "2196"]
[BlackElo "2460"]
[TimeControl "180+2"]
[EndTime "11:07:48 PST"]
[Termination "Game drawn - insufficient material"]

1. e4 e6 2. d4 d5 3. Nc3 Nf6 4. Bg5 Be7 5. e5 Ne4 6. Bxe7 Qxe7 7.
Nxe4 dxe4 8. c3 O-O 9. Be2 c5 10. Nh3 Nc6 11. Qc2 cxd4 12. Qxe4 dxc3 13. Bd3 g6 14.
bxc3 Qc5 15. f4 Qxc3+ 16. Kf2 Rd8 17. Be2 Rd4 18. Qe3 Qxe3+ 19. Kxe3 Bd7 20. Rhd1 Rxd1 21. Rxd1 Rd8 22. Ng5 Bc8 23. Ne4 Rxd1 24. Bxd1 b6 25. Ba4 Na5 26. g4 Bb7 27. Nf6+ Kg7 28. h4 Nc4+ 29. Kd4 Nd2 30. Bd1 Bf3 31. Bc2 Bc6 32. Bd1 h6 33. Bc2 Nf3+ 34. Ke3 Nxh4 35. Be4 Ng2+ 36.
Kd4 Bxe4 37. Kxe4 g5 38. fxg5 hxg5 39. Ne8+ Kg6 40. Nd6 f5+ 41. gxf5+ exf5+ 42. Nxf5 Nf4 43. Ne7+ Kf7 44. Nf5 Ke6 45. Nd4+ Kd7 46. Kf5 Nd3 47. Kxg5 Nxe5 48. Kf5 Nc6 49. Nb5 a6 50. Nc3 Kd6 51.
Ke4 Kc5 52. Na4+ Kb5 53. Nb2 Kb4 54. Kd5 Na5 55. Kd6 Nc4+ 56. Nxc4 Kxc4 57. Kc6 b5 58.
Kb6 Kb4 59. Kxa6 Ka3 60. Kxb5 Kxa2 1/2-1/2

[Event "*** Titled Tuesday 3|2 Blitz (Early)"]
[Site "Chess.com"]
[Date "2016.12.06"]
[Round "1"]
[White "AlexanderL"]
[Black "Wilsonpalencia"]
[Result "0-1"]
[WhiteElo "2563"]
[BlackElo "2338"]
[TimeControl "180+2"]
[EndTime "11:07:54 PST"]
[Termination "Wilsonpalencia won by resignation"]

1. d4 d5 2. c4 c6 3. cxd5 cxd5 4. Bf4 Nc6 5. e3 Nf6 6. Nc3 Bf5 7. Qb3 Na5 8. Qa4+ Bd7 9. Qc2 e6 10. Nf3 Be7 11.
h3 O-O 12. Bd3 Nc6 13. a3 Rc8 14. O-O a6 15. Rfc1 Na5 16. Qd1 Nc4 17. Qe2 b5 18. Ne5 h6 19. a4 b4 20. Nd1 Nxe5 21. dxe5 Ne4 22. Rxc8 Bxc8 23. Bxa6 Bxa6 24. Qxa6 Nc5 25. Qb5 Nb3 26. Rb1 Qc7 27. Qd3 Qc4 28. Qxc4 dxc4 29. e4 Ra8 30. Ne3 Nd4 31. Kf1 c3 32. bxc3 bxc3 33.
Rc1 g5 34. Bg3 Rxa4 35. f3 c2 36. Nxc2 Rc4 37. Nxd4 Rxc1+ 38. Ke2 Rg1 39. Kf2 Rd1 40. Nc6 Bc5+ 41. Ke2 Rg1 42. Be1 Rxg2+ 0-1

[Event "*** Titled Tuesday 3|2 Blitz (Early)"]
[Site "Chess.com"]
[Date "2016.12.06"]
[Round "1"]
[White "avto24"]
[Black "VSERGUEI"]
[Result "0-1"]
[WhiteElo "2292"]
[BlackElo "2587"]
[TimeControl "180+2"]
[EndTime "11:07:59 PST"]
[Termination "VSERGUEI won by resignation"]

1. e4 e6 2. d4 d5 3. exd5 exd5 4. Nc3 c6 5. Bd3 Bd6 6. Nge2 Ne7 7. Bf4 Bg4 8. f3 Bh5 9. Qd2 Bg6 10. O-O-O b5 11.
g4 a5 12. h4 a4 13. h5 Bxd3 14. Qxd3 b4 15. Nb1 Na6 16. h6 g6 17. Bg5 O-O 18. f4 f6 19. Bh4 Nc7 20. Qd2 Nb5 21. f5 b3 22. cxb3 axb3 23. a3 Qc7 24. fxg6 Nxg6 25.
Rdf1 Nxh4 26. Rxh4 c5 27. g5 cxd4+ 28. Kd1 Qc2+ 29.
Qxc2 bxc2+ 30. Kxc2 fxg5 31. Rg1 Rac8+ 32. Kb3 d3 33.
Rxg5+ Kh8 34. Nec3 Nxc3 35. Nxc3 Be7 36. Rhh5 Bxg5 37. Rxg5 Rb8+ 38. Ka2 Rf2 39. Rxd5 Rfxb2+ 40. Ka1 d2 41. a4 Rc2 0-1

[Event "*** Titled Tuesday 3|2 Blitz (Early)"]
[Site "Chess.com"]
[Date "2016.12.06"]
[Round "1"]
[White "maciek_92"]
[Black "ZEN-22"]
[Result "1-0"]
[WhiteElo "2500"]
[BlackElo "2219"]
[TimeControl "180+2"]
[EndTime "11:08:00 PST"]
[Termination "maciek_92 won by checkmate"]

1. c4 d5 2. cxd5 c6 3. dxc6 Nxc6 4. Nc3 e5 5. g3 Bc5 6. Bg2 Nf6 7. d3 Qb6 8. e3 Bf5 9. Nge2 Rd8 10. Na4 Qa5+ 11.
Bd2 Bb4 12. Nac3 Bxd3 13. O-O Bxc3 14. Bxc3 Qa6 15. Re1 Be4 16. Qb3 Bxg2 17. Kxg2 O-O 18. a4 Rd5 19. e4 Rd3 20. Qb5 Nxe4 21. Qxa6 bxa6 22. Nc1 Rxc3 23. bxc3 Nxc3 24. Nd3 e4 25. Nf4 Nd4 26. Rac1 Na2 27. Rc4 Nf3 28. Re2 g5 29. Nh5 Rd8 30. Rxa2 h6 31. Nf6+ Kg7 32. Nxe4 Ne5 33.
Rc5 Nd3 34. Rc7 Rd4 35. Nc5 Ne1+ 36. Kf1 Rd1 37. Ke2 Rb1 38. Nd3 Ng2 39. Kf3 Ne1+ 40. Nxe1 Rxe1 41. Rxa7 Re6 42. Re2 Rd6 43. Ree7 Kg6 44.
Rxf7 a5 45. Kg2 Kh5 46. Rg7 Rd4 47. Rxa5 Rg4 48. f4 Rxg3+ 49. hxg3 Kg4 50. Raxg5+ hxg5 51. Rxg5# 1-0

[Event "*** Titled Tuesday 3|2 Blitz (Early)"]
[Site "Chess.com"]
[Date "2016.12.06"]
[Round "1"]
[White "Keranke"]
[Black "YuriyKrykun"]
[Result "1-0"]
[WhiteElo "2602"]
[BlackElo "2312"]
[TimeControl "180+2"]
[EndTime "11:08:19 PST"]
[Termination "Keranke won by resignation"]

1. d4 Nf6 2. c4 e6 3. g3 d5 4. Bg2 Bb4+ 5. Nd2 O-O 6. Qc2 b6 7. Nf3 a5 8. O-O Ba6 9. Rd1 Nbd7 10. Ne5 c5 11. Ndf3 cxd4 12. Nc6 Qc8 13. cxd5 Nxd5 14. Nfxd4 Bb7 15. Nxb4 axb4 16. Bd2 Qxc2 17. Nxc2 b3 18. axb3 Nc5 19. b4 Nb3 20. Ra3 Rxa3 21. bxa3 Nxd2 22.
Rxd2 Ra8 23. Bf3 Kf8 24. Rd3 Ke7 25. Ne3 Nxe3 26. Bxb7 Ra7 27. Rxe3 Rxb7 28. Rc3 Kd6 29. Kg2 h5 30. Kf3 g6 31. Ke4 Ra7 32. f4 b5 33. Kd4 Ra8 34. e4 Ra7 35. e5+ Kd7 36.
h3 Ra8 37. Ke4 Ra7 38. Kf3 Ra8 39. g4 hxg4+ 40. Kxg4 Ra7 41. Kg5 Ke7 42. h4 Rd7 43. Rc5 Ra7 44. Rxb5 Rxa3 45. Rb7+ Ke8 46. Kf6 Rf3 47.
Re7+ Kd8 48. Rxf7 Rxf4+ 49. Kxe6 Rxb4 50. Rh7 Rg4 51. Kf6 Re4 52. e6 Re1 53. Rh8+ Kc7 54.
e7 1-0

[Event "*** Titled Tuesday 3|2 Blitz (Early)"]
[Site "Chess.com"]
[Date "2016.12.06"]
[Round "1"]
[White "Morpheus4"]
[Black "Jungle_Jaguar"]
[Result "0-1"]
[WhiteElo "1945"]
[BlackElo "2403"]
[TimeControl "180+2"]
[EndTime "11:08:19 PST"]
[Termination "Jungle_Jaguar won on time"]

1. d4 Nf6 2. Nf3 d5 3. Bf4 Bf5 4. e3 e6 5. c3 Bd6 6. Ne5 O-O 7. Bd3 Bxd3 8. Qxd3 Nbd7 9. Nxd7 Qxd7 10. Bxd6 cxd6 11. Nd2 e5 12. dxe5 dxe5 13. O-O Rad8 14. Nb3 b6 15. Rfd1 Qe6 16. h3 h6 17. Qa6 Rd7 18.
Rd3 Rfd8 19. Rad1 Qf5 20. c4 d4 21. exd4 exd4 22. Nxd4 Qe4 23. f3 Qe5 24. Qb5 Qc5 0-1

[Event "*** Titled Tuesday 3|2 Blitz (Early)"]
[Site "Chess.com"]
[Date "2016.12.06"]
[Round "1"]
[White "pastouche06"]
[Black "Mornar1951"]
[Result "0-1"]
[WhiteElo "2302"]
[BlackElo "2604"]
[TimeControl "180+2"]
[EndTime "11:08:24 PST"]
[Termination "Mornar1951 won by resignation"]

1. d4 d5 2. c4 e6 3. Nc3 Be7 4.
cxd5 exd5 5. Bf4 c6 6. e3 Bf5 7. g4 Be6 8. h3 Nd7 9. Bd3 h5 10.
Bf5 Bxf5 11. gxf5 Bg5 12. Qf3 Nh6 13. Nge2 Nxf5 14. Rg1 Bxf4 15. Qxf4 Qf6 16. Qc7 Rb8 17. O-O-O Nd6 18. Kb1 Rc8 19. Qa5 a6 20. Ka1 Nf8 21.
e4 dxe4 22. Ng3 Ne6 23. Ngxe4 Nxe4 24. Nxe4 Qf4 25. Rde1 g6 26. Qb4 Rc7 27. Nd6+ Kd7 28. Nc4 Kc8 29. d5 cxd5 30. Nb6+ Kb8 31. Qa5 Qd4 32.
Nxd5 Rc5 33. Qb6 Rxd5 34. Qxd4 Rxd4 0-1

[Event "*** Titled Tuesday 3|2 Blitz (Early)"]
[Site "Chess.com"]
[Date "2016.12.06"]
[Round "1"]
[White "pKiLz5Rn9b"]
[Black "Vrolijk"]
[Result "1/2-1/2"]
[WhiteElo "2496"]
[BlackElo "2170"]
[TimeControl "180+2"]
[EndTime "11:08:25 PST"]
[Termination "Game drawn by agreement"]

1. e4 g6 2. d4 Bg7 3. Nf3 d6 4.
h3 Nf6 5. Nc3 O-O 6. Be3 a6 7.
a4 Nbd7 8. Be2 e5 9. dxe5 dxe5 10. Bc4 Qe7 11. a5 Rd8 12. Qe2 Nc5 13. Bxc5 Qxc5 14.
Ng5 Rf8 15. O-O h6 16. Nf3 Bd7 17. Rfd1 Rad8 18. Nd5 Nxd5 19. Bxd5 Bc8 20. c3 c6 21. Bb3 Rxd1+ 22. Qxd1 Bf6 23. Qe2 Rd8 24. Qc4 Qxc4 25.
Bxc4 Kf8 26. Kf1 Ke7 27. Ke2 h5 28. Bb3 g5 29. Ra4 g4 30. hxg4 Bxg4 31. Ra1 h4 32. Rh1 Bg5 33. Rd1 Ke8 34. Bc2 Rxd1 35. Bxd1 Bd8 36.
b4 Bxf3+ 37. Kxf3 Kd7 38. Bb3 c5 39. Bc4 cxb4 40. cxb4 Be7 41. b5 axb5 42. Bxb5+ Ke6 43. Bc4+ Kf6 44. Kg4 Kg6 45. Bd5 Bd8 46. Bxb7 Bxa5 47. Kxh4 Bd2 48. Kg4 Bc1 49. g3 Bd2 50. Bc8 f6 51.
Bf5+ Kh6 52. Kf3 Kg5 53. Ke2 Bc1 54. Kd1 Ba3 55. Ke2 Bc1 56. Kd3 Ba3 57. Ke3 Bc1+ 58.
Kf3 Ba3 59. Ke2 1/2-1/2

[Event "*** Titled Tuesday 3|2 Blitz (Early)"]
[Site "Chess.com"]
[Date "2016.12.06"]
[Round "1"]
[White "Enzy63"]
[Black "RitvarsReimanis"]
[Result "0-1"]
[WhiteElo "2016"]
[BlackElo "2417"]
[TimeControl "180+2"]
[EndTime "11:08:29 PST"]
[Termination "RitvarsReimanis won on time"]

1. d4 Nf6 2. Nf3 e6 3. c4 d5 4. g3 Be7 5. Bg2 O-O 6. O-O dxc4 7. Qc2 b5 8. a4 b4 9. Ne5 Nd5 10. Qxc4 Bb7 11. Rd1 a5 12. e4 Nf6 13. d5 exd5 14.
exd5 Bd6 15. Nc6 Nxc6 16. dxc6 Ba6 17. Qh4 h6 18. Bf4 Ne8 19. Qh5 Qf6 20. Bxd6 Nxd6 21.
Nd2 Rfe8 22. Re1 Rxe1+ 23. Rxe1 Qxb2 24. Ne4 Nxe4 25. Bxe4 Qf6 26. Qxa5 b3 27. Qb4 b2 28. Rb1 Re8 29. Bg2 Re2 30. Qf4 Qxf4 31. gxf4 Bd3 32.
Bf1 Bxb1 33. Bxe2 Be4 0-1

[Event "*** Titled Tuesday 3|2 Blitz (Early)"]
[Site "Chess.com"]
[Date "2016.12.06"]
[Round "1"]
[White "bugsbunny444"]
[Black "renanreis"]
[Result "1-0"]
[WhiteElo "2412"]
[BlackElo "1989"]
[TimeControl "180+2"]
[EndTime "11:08:34 PST"]
[Termination "bugsbunny444 won by resignation"]

1. Nf3 Nf6 2. c4 e6 3. g3 d5 4.
Bg2 Be7 5. O-O O-O 6. b3 d4 7.
e3 c5 8. exd4 cxd4 9. Bb2 Nc6 10. Re1 a5 11. Na3 Bc5 12. Nb5 Re8 13. Ne5 Nxe5 14. Rxe5 Qb6 15. Rxc5 Qxc5 16. Bxd4 Qe7 17. Be5 Rd8 18. Qe2 Ne8 19. d4 f6 20. Bf4 Bd7 21.
Bxb7 Bxb5 22. Bxa8 Ba6 23. Bf3 Rxd4 24. Rd1 Rxd1+ 25.
Qxd1 e5 26. Qd5+ Qf7 27. Qxa5 Bb7 28. Bxb7 Qxb7 29. Be3 Kf8 30. Qa7 Qf3 31. Bc5+ Kg8 32. Qe7 Qd1+ 33. Kg2 h5 1-0

[Event "*** Titled Tuesday 3|2 Blitz (Early)"]
[Site "Chess.com"]
[Date "2016.12.06"]
[Round "1"]
[White "Generalas"]
[Black "SmoothAsAHedgehog"]
[Result "0-1"]
[WhiteElo "2219"]
[BlackElo "2505"]
[TimeControl "180+2"]
[EndTime "11:08:35 PST"]
[Termination "SmoothAsAHedgehog won by resignation"]

1. e4 e5 2. Nf3 Nc6 3. Bb5 a6 4.
Ba4 Nf6 5. O-O Be7 6. Re1 b5 7. Bb3 d6 8. c3 O-O 9. h3 Nb8 10. d4 Nbd7 11. Nbd2 Bb7 12. Bc2 Re8 13. Nf1 Bf8 14. Ng3 g6 15. a4 Bg7 16. Nh2 c5 17. d5 c4 18. Be3 Qc7 19. Qf3 Nc5 20. a5 h5 21. Bg5 Nh7 22. Be3 Rac8 23. Ne2 Rf8 24. g4 hxg4 25. hxg4 Qe7 26. Qg3 Ng5 27. f3 Nh7 28. g5 f5 29. gxf6 Bxf6 30. Qxg6+ Kh8 31.
Kh1 Rg8 32. Qh5 Nd3 33. Bxd3 cxd3 34. Nc1 Bg5 35. Nxd3 Bxe3 36. Rxe3 Rg5 37. Qh3 Rcg8 38. Nf2 Bc8 39. Nhg4 Qf7 40. Kg2 R8g7 41. Rh1 Kg8 42. Kf1 Bxg4 43. Nxg4 Rxg4 44. Re2 Rg3 45. Qc8+ Nf8 46.
Reh2 Qxf3+ 47. Ke1 Rg1+ 48. Kd2 Rxh1 0-1

[Event "*** Titled Tuesday 3|2 Blitz (Early)"]
[Site "Chess.com"]
[Date "2016.12.06"]
[Round "1"]
[White "MFBerna"]
[Black "nihalsarin"]
[Result "0-1"]
[WhiteElo "2199"]
[BlackElo "2485"]
[TimeControl "180+2"]
[EndTime "11:08:35 PST"]
[Termination "nihalsarin won by resignation"]

1. e4 e6 2. d4 d5 3. exd5 exd5 4. c4 Nf6 5. Nf3 dxc4 6. Bxc4 Bd6 7. O-O O-O 8. Nc3 Nc6 9. Bg5 Bg4 10. Nd5 Be7 11. Nxe7+ Qxe7 12. Re1 Qd6 13. d5 Bxf3 14. Qxf3 Ne5 15.
Qb3 Nxc4 16. Bxf6 Qxd5 17. Rad1 Qc6 18. Bc3 Rfe8 19. h3 h6 20. Qc2 Nd6 21. Qd3 a6 22.
Qd4 f6 23. Qg4 Kh7 24. h4 Rxe1+ 25. Rxe1 Re8 26. Rxe8 Qxe8 27. h5 Qe4 28. Qd7 Qb1+ 29. Kh2 Qf5 30. Qxf5+ Nxf5 31. g4 Nd6 32. Bd4 Kg8 33. Kg3 Kf7 34. Kf4 Ke6 35. b3 Kd5 36.
Bb2 c5 37. Ke3 b5 38. f4 a5 39. g5 Nf5+ 40. Kf3 Nd4+ 41. Kg4 f5+ 42. Kg3 c4 43. bxc4+ bxc4 44. g6 c3 45. Ba3 Ke4 46. Kf2 Kd3 47. Bf8 Ne6 48. Ba3 Nxf4 0-1

[Event "*** Titled Tuesday 3|2 Blitz (Early)"]
[Site "Chess.com"]
[Date "2016.12.06"]
[Round "1"]
[White "plouarzel"]
[Black "theprosecution1"]
[Result "1-0"]
[WhiteElo "2251"]
[BlackElo "2508"]
[TimeControl "180+2"]
[EndTime "11:08:36 PST"]
[Termination "plouarzel won by resignation"]

1. e4 c5 2. Nf3 d6 3. Bb5+ Bd7 4. Bxd7+ Qxd7 5. c4 Nf6 6. Nc3 g6 7. d4 cxd4 8. Nxd4 Bg7 9. b3 O-O 10. Bb2 Nc6 11. O-O e6 12. Nxc6 Qxc6 13. Qe2 a6 14. Rad1 Rfd8 15. Rfe1 b5 16. cxb5 axb5 17. Qxb5 Qxb5 18.
Nxb5 Rxa2 19. Bxf6 Bxf6 20. e5 Be7 21. exd6 Bf6 22.
d7 Ra5 23. Nd6 Rxd7 24. Ne4 Rxd1 25. Nxf6+ Kg7 26. Ne8+ Kf8 27. Rxd1 Kxe8 28. g3 Rb5 29. Rd3 Ke7 30. f4 h5 31. Kf2 Ra5 32. Ke3 Ra2 33.
Rd2 Ra3 34. Rb2 Kd6 35. Kd4 f6 36. b4 Kc6 37. Re2 Kd6 38. Kc4 e5 39. fxe5+ fxe5 40. Rd2+ Ke6 41. b5 e4 42. b6 e3 43. Rb2 Ra8 44. b7 Rb8 45. Kd3 Kf5 46. Kxe3 g5 47. h3 h4 48. g4+ Ke6 49. Rb5 Kf6 50. Ke4 Ke6 51. Rb6+ Kd7 52. Kf5 Kc7 53. Rb1 Rf8+ 54. Kxg5 Kb8 55. Kxh4 Rh8+ 56. Kg3 Rd8 57. Rb3 Rd1 58.
h4 Rg1+ 59. Kf4 Rf1+ 60. Kg5 Rc1 61. h5 Rc5+ 62. Kh4 Rc1 63. h6 Rh1+ 64. Kg5 1-0

[Event "*** Titled Tuesday 3|2 Blitz (Early)"]
[Site "Chess.com"]
[Date "2016.12.06"]
[Round "1"]
[White "PowerThinking2650"]
[Black "GianmarcoVaR"]
[Result "1-0"]
[WhiteElo "2124"]
[BlackElo "2421"]
[TimeControl "180+2"]
[EndTime "11:08:44 PST"]
[Termination "PowerThinking2650 won on time"]

1. e4 c6 2. d4 d5 3. exd5 cxd5 4. Bd3 Nc6 5. c3 Nf6 6. Nf3 Bg4 7. Qb3 Qc7 8. Nbd2 e6 9. h3 Bh5 10. O-O Bd6 11. Re1 O-O 12. g4 Bg6 13. Bxg6 hxg6 14.
Nf1 Rab8 15. a4 a6 16. Bg5 Ne4 17. Be3 b5 18. axb5 axb5 19. N1d2 Nxd2 20. Bxd2 b4 21. Qc2 bxc3 22. bxc3 Rb6 23. c4 dxc4 24. Qxc4 Qb7 25. d5 Ne7 26. Ba5 exd5 27. Qd4 Rb3 28. Bc3 f6 29.
Ra7 Qc6 30. Rexe7 1-0

[Event "*** Titled Tuesday 3|2 Blitz (Early)"]
[Site "Chess.com"]
[Date "2016.12.06"]
[Round "1"]
[White "Zaven_ChessMood"]
[Black "lionheart95"]
[Result "1-0"]
[WhiteElo "2833"]
[BlackElo "2395"]
[TimeControl "180+2"]
[EndTime "11:08:49 PST"]
[Termination "Zaven_ChessMood won by resignation"]

1. e4 e5 2. Nf3 Nc6 3. Bc4 Nf6 4.
d3 h6 5. O-O g6 6. d4 Qe7 7.
Nc3 d6 8. Nd5 Qd8 9. Re1 Bg7 10.
h3 O-O 11. c3 a6 12. a4 Re8 13. Nxf6+ Qxf6 14. d5 Ne7 15. Be3 g5 16. Nh2 Qg6 17. Bd3 f5 18. f3 f4 19. Bf2 h5 20. a5 Bd7 21. b4 Bf6 22. c4 Kh8 23. c5 Ng8 24. Rc1 Bd8 25. c6 bxc6 26. dxc6 Bc8 27.
Be2 Nh6 28. Ra1 Rg8 29. Ra3 Rg7 30. Qc2 Be6 31. Rb1 d5 32. b5 g4 33. hxg4 hxg4 34. fxg4 dxe4 35. Rh3 e3 36. Bd3 exf2+ 37. Qxf2 Qg5 38. b6 Be7 39. b7 Rb8 40. Nf3 Qxg4 41. Rxh6+ Kg8 42. Nxe5 Qg5 43. Bh7+ Kf8 44. Rxe6 Bc5 45.
Qxc5+ 1-0

[Event "*** Titled Tuesday 3|2 Blitz (Early)"]
[Site "Chess.com"]
[Date "2016.12.06"]
[Round "1"]
[White "Noukii"]
[Black "Mepetmepe"]
[Result "1-0"]
[WhiteElo "2663"]
[BlackElo "2327"]
[TimeControl "180+2"]
[EndTime "11:08:50 PST"]
[Termination "Noukii won by resignation"]

1. d4 Nf6 2. c4 e5 3. dxe5 Ng4 4. e3 Nxe5 5. Nh3 Nbc6 6. Nf4 Bb4+ 7. Bd2 Bxd2+ 8.
Qxd2 O-O 9. Nc3 d6 10. Be2 Be6 11. b3 Qf6 12. O-O Rad8 13. Ncd5 Bxd5 14. Nxd5 Qg6 15. f4 Nd7 16. Nxc7 Nf6 17. Bf3 Ne4 18. Qc2 Nc5 19.
Qxg6 hxg6 20. Rad1 Rd7 21. Nd5 Re8 22. Rfe1 a5 23.
Kf2 Nb4 24. Re2 Nxd5 25. Rxd5 Kf8 26. e4 b6 27. g3 f6 28. Re3 Kf7 29. h4 Red8 30.
Re2 Rc7 31. Red2 Rcd7 32. Ke3 Nb7 33. h5 gxh5 34. Bxh5+ Ke7 35. Bg4 Rc7 36. Bf5 Rc5 37. Rh2 Rxd5 38. exd5 Re8 39. Bg6 Rg8 40. Kd4 Nd8 41.
a3 Nf7 42. Re2+ Kf8 43. Re6 Rh8 44. Bxf7 Kxf7 45. Rxd6 Rh3 46. Rxb6 Rxg3 47. c5 Rf3 48. c6 Rxf4+ 49. Ke3 Rf1 50. c7 Re1+ 51. Kd4 Rd1+ 52. Kc5 Ke7 53. Rb8 Rc1+ 54. Kb6 Kd6 55. Rd8+ Ke5 56. d6 g5 57. d7 1-0

[Event "*** Titled Tuesday 3|2 Blitz (Early)"]
[Site "Chess.com"]
[Date "2016.12.06"]
[Round "1"]
[White "kleinebeer98"]
[Black "jup1978"]
[Result "1/2-1/2"]
[WhiteElo "2511"]
[BlackElo "2251"]
[TimeControl "180+2"]
[EndTime "11:08:50 PST"]
[Termination "Game drawn - insufficient material"]

1. e4 e5 2. Nf3 Nc6 3. Bb5 a6 4.
Ba4 Nge7 5. O-O g6 6. d3 Bg7 7.
c3 O-O 8. Nbd2 b5 9. Bc2 d5 10.
exd5 Nxd5 11. Re1 Re8 12. a4 b4 13. Ne4 h6 14. Bb3 Na5 15. Bxd5 Qxd5 16. Bxh6 bxc3 17. bxc3 Bf5 18. Bxg7 Kxg7 19. c4 Qd7 20. Qc2 Rad8 21.
Rad1 Nc6 22. Qc3 Bxe4 23. Rxe4 f6 24. h4 Nd4 25. Nxd4 exd4 26. Qe1 Rxe4 27. Qxe4 Re8 28. Qb7 Qxa4 29. Qxc7+ Kh6 30. Qf4+ Kg7 31. Rb1 Qd7 32. h5 gxh5 33. Qf3 Kg6 34. Rb7 Qe6 35.
Qg3+ Qg4 36. Qxg4+ hxg4 37. Rd7 a5 38. Rxd4 a4 39.
Rxg4+ Kf5 40. Rg7 Ra8 41. Rb7 a3 42. Rb1 a2 43. Ra1 Ke5 44. Kf1 Kd4 45. Ke2 Kc3 46.
Ke3 Re8+ 47. Kf4 Kb2 48. Rxa2+ Kxa2 49. Kf5 Kb3 50. Kxf6 Kc3 51. f4 Kxd3 52. c5 Rc8 53. g4 Rxc5 54. g5 Ke4 55. g6 Rf5+ 56. Ke6 Kxf4 57. g7 Rg5 58. Kf7 Rf5+ 59. Ke7 Re5+ 60. Kf7 Rf5+ 61. Ke7 Rg5 62. Kf7 Rxg7+ 63. Kxg7 1/2-1/2

[Event "*** Titled Tuesday 3|2 Blitz (Early)"]
[Site "Chess.com"]
[Date "2016.12.06"]
[Round "1"]
[White "Gabrielian_Artur"]
[Black "SCIM"]
[Result "1-0"]
[WhiteElo "2572"]
[BlackElo "2273"]
[TimeControl "180+2"]
[EndTime "11:08:51 PST"]
[Termination "Gabrielian_Artur won by resignation"]

1. e4 c5 2. Nf3 e6 3. d4 cxd4 4.
Nxd4 Nc6 5. Nc3 Qc7 6. Be3 a6 7. Qf3 d6 8. O-O-O Bd7 9. Qg3 Rc8 10. f4 b5 11. Nxc6 Bxc6 12. Bd3 Nf6 13. a3 d5 14.
exd5 Nxd5 15. Nxd5 Bxd5 16. Rhe1 g6 17. Bd4 Bd6 18.
Kb1 O-O 19. Qh4 Bxf4 20. Qf6 e5 21. Rxe5 Qc6 22. Rxd5 Qxf6 23. Bxf6 Bxh2 24. Rh1 Bf4 25. g4 Rc6 26. g5 h5 27. Rf1 Bg3 28. Rd7 h4 29.
Bxg6 fxg6 30. Rg7+ Kh8 31. Rxg6+ Rcxf6 32. gxf6 Rf7 33.
Rf5 Kh7 34. Rg4 Kh6 35. c3 Be1 36. Kc2 Bg3 37. b3 Be1 38. c4 bxc4 39. bxc4 Bg3 40. c5 Be1 41. Kd3 Bg3 42. Kc4 Be1 43.
c6 Bg3 44. Kd5 Be1 45. Ke6 Rf8 46. f7 h3 47. Rg8 h2 48. Rxf8 1-0

[Event "*** Titled Tuesday 3|2 Blitz (Early)"]
[Site "Chess.com"]
[Date "2016.12.06"]
[Round "1"]
[White "Firebullet"]
[Black "dretch"]
[Result "0-1"]
[WhiteElo "2314"]
[BlackElo "2616"]
[TimeControl "180+2"]
[EndTime "11:08:54 PST"]
[Termination "dretch won by resignation"]

1. d4 d5 2. c4 c6 3. Nf3 Nf6 4.
Qb3 dxc4 5. Qxc4 Bf5 6. Nc3 e6 7. g3 Nbd7 8. Bg2 Bd6 9. O-O O-O 10. Re1 e5 11. dxe5 Nxe5 12. Nxe5 Bxe5 13. Bf4 Be6 14.
Qb4 Bxf4 15. Qxf4 Qb6 16. Na4 Qb5 17. b3 Rad8 18. Rac1 Qa5 19. Red1 Bg4 20. Bf3 Bxf3 21. Qxf3 Rd2 22. Nc3 Rfd8 23. Rxd2 Rxd2 24. Qe3 Rd8 25. Na4 Qd2 26. Qxd2 Rxd2 27. Nc3 Kf8 28. Rd1 Rc2 29. Rd3 b5 30. a3 a5 31. e3 Ke7 32. Kg2 Rb2 33. Nd1 Ra2 34. b4 axb4 35. axb4 Ra4 36. Rd4 Nd5 37. e4 Rxb4 38. Rd2 Rxe4 39. Nb2 Kd6 40.
Nd3 Rd4 41. Kf3 c5 42. Ke2 Nc3+ 43. Ke3 Nd5+ 44. Ke2 c4 45. Nc1 Rxd2+ 46. Kxd2 Kc5 0-1

[Event "*** Titled Tuesday 3|2 Blitz (Early)"]
[Site "Chess.com"]
[Date "2016.12.06"]
[Round "1"]
[White "ftorodent"]
[Black "FrankieJay"]
[Result "1-0"]
[WhiteElo "2491"]
[BlackElo "2209"]
[TimeControl "180+2"]
[EndTime "11:08:59 PST"]
[Termination "ftorodent won by resignation"]

1. d4 Nf6 2. c4 g6 3. Nc3 Bg7 4. e4 O-O 5. Nf3 d6 6. Be2 e5 7. O-O Nc6 8. d5 Ne7 9. b4 a5 10. Ba3 Nd7 11. bxa5 Rxa5 12. Bb4 Ra8 13. a4 f5 14. Nd2 Bh6 15. a5 Nf6 16. Bf3 fxe4 17. Ndxe4 Nf5 18. Nxf6+ Qxf6 19. Ne4 Qe7 20. c5 Nd4 21.
cxd6 Nxf3+ 22. Qxf3 Qh4 23. Qd3 Bf5 24. f3 cxd6 25.
Bxd6 Rfe8 26. Qe2 Qd8 27. Bc5 Rxa5 28. Rxa5 Qxa5 29. Bf2 Bg7 30. Rd1 Rd8 31. h3 Qc7 32. Be3 Rc8 33. Qa2 Bxe4 34. fxe4 Qc4 35. Qb1 Bf8 36.
Rc1 Qe2 37. Rxc8 Qxe3+ 38. Kh1 Qd4 39. Qf1 Qb4 40. Rc7 Be7 41. Rd7 Kh8 42. d6 Bxd6 43.
Qf6+ 1-0